 Dungeon Crawl Stone Soup version 0.30-a0-632-g346586fe48 (webtiles) character file.

Game seed: 1360951040424085610

88 wormed the Slasher (level 4, -1/37 HPs)
             Began as a Demigod Gladiator on Jan 13, 2023.
             Slain by Grinder (4 damage)
             ... while paralysed by Grinder
             ... on level 3 of the Dungeon.
             The game lasted 00:02:22 (2007 turns).

wormed the Slasher (Demigod Gladiator)              Turns: 2007, Time: 00:02:22

Health: -1/37      AC:  6    Str: 15    XL:     4   Next: 8%
Magic:  6/6        EV:  2    Int: 10    God:
Gold:   98         SH:  0    Dex: 19    Spells: 3/3 levels left

rFire   . . .      SeeInvis .    a - +0 long sword
rCold   . . .      Faith    .    (no shield)
rNeg    . . .      Spirit   .    b - +0 leather armour
rPois   .          Reflect  .    c - +1 helmet
rElec   .          Harm     .    (no cloak)
rCorr   .          Rampage  .    (no gloves)
Will    .....                    i - +0 pair of boots
Stlth   +                        h - amulet of the acrobat
HPRegen 0.26/turn                (no ring)
MPRegen 0.10/turn                (no ring)

@: paralysed
A: high MP 1, forlorn, divine attributes
a: no special abilities


You were on level 3 of the Dungeon.
You visited 1 branch of the dungeon, and saw 4 of its levels.

You collected 98 gold pieces.

Inventory:

Hand Weapons
 a - a +0 long sword (weapon)
Missiles
 f - 4 poisoned darts (quivered)
 l - 2 atropa-tipped darts
Armour
 b - a +0 leather armour (worn)
 c - a +1 helmet (worn)
 i - a +0 pair of boots (worn)
Jewellery
 h - an amulet of the acrobat (around neck)
Scrolls
 n - a scroll of identify {unknown}
 o - a scroll of fog {unknown}
Potions
 g - a potion of resistance {unknown}
 j - 3 potions of might {unknown}
 k - a potion of haste {unknown}
 m - a potion of flight {unknown}
 p - a potion of curing {unknown}
 q - a potion of lignification {unknown}


   Skills:
 + Level 2.3 Fighting
 * Level 3.5 Long Blades
 - Level 1.7 Throwing
 + Level 1.1 Armour
 + Level 3.1 Dodging
 + Level 1.1 Shields


You had 3 spell levels left.
You didn't know any spells.
Your spell library contained the following spells:

 Spells                   Type           Power      Damage    Failure   Level
 Anguish                  Hex/Necr       0%         N/A       99%         4
 Enfeeble                 Hex            0%         N/A       100%        7


Dungeon Overview and Level Annotations

Branches:
Dungeon (4/15)
 Temple: D:4-7

Annotations:
D:3 Grinder


Innate Abilities, Weirdness & Mutations

You have an increased reservoir of magic. (+10% MP)
You shall have no god before yourself.
Your divine heritage dramatically boosts your attributes as you level up.


Message History

Grinder hits you but does no damage.
You hit Grinder.
Grinder is moderately wounded.
Grinder misses you.
Throw: 2 throwing nets
Press: ? - help, Q - select action, (/) - cycle Shift-Dir - straight line, f - Grinder
Aim: Grinder (moderately wounded, 58% to hit)
You throw a throwing net.
The throwing net closely misses Grinder.
Grinder gestures at you.
You barely resist. You hit Grinder.
Grinder is heavily wounded.
Grinder gestures at you. Pain shoots through your body! Grinder hits you.
You writhe in agony.
* * * LOW HITPOINT WARNING * * *
You closely miss Grinder.
Grinder is heavily wounded.
Grinder barely misses you.
Throw: throwing net
Press: ? - help, Q - select action, (/) - cycle Shift-Dir - straight line, f/p - Grinder
Aim: Grinder (heavily wounded, 58% to hit)
You throw a throwing net.
The throwing net closely misses Grinder.
Grinder says, "What is the universe for?"
Grinder closely misses you.
Throw: javelin
Press: ? - help, Q - select action, (/) - cycle Shift-Dir - straight line, f/p - Grinder
Aim: Grinder (heavily wounded, 58% to hit)
You throw a javelin. The javelin pierces through Grinder.
Grinder is heavily wounded.
Grinder gestures at you.
You suddenly lose the ability to move!
Grinder completely misses you. Grinder hits you.
* * * LOW HITPOINT WARNING * * *
Grinder hits you!
* * * LOW HITPOINT WARNING * * *
You writhe in agony.
You die...

..# #.#.##.# ..#
#.#....# ..#
#.#.######## ####
#.#.......<# ...#
#.#.######## ##.#
#.#.# ##'######.#.#
.......##.#.########
......[##.#<...5@..#
.......##.#.######.#
##.######.#.# #
#........#.#
######...#.#
#..........#
#.##.....###
##.#....#.#
##.#....#.#


You could see Grinder.

Vanquished Creatures
  Robin (D:3)
  2 adders (D:2)
  2 worms
  2 dart slugs
  4 endoplasms
  2 giant cockroaches
  9 goblins
  3 hobgoblins
  2 quokkas
  2 ball pythons
  6 bats
  4 frilled lizards
  4 kobolds (D:1)
  5 rats
48 creatures vanquished.

Notes
Turn   | Place    | Note
-------+----------+-------------------------------------------
     0 | D:1      | wormed the Demigod Gladiator began the quest for the Orb.
     0 | D:1      | Reached XP level 1. HP: 17/17 MP: 3/3
   231 | D:1      | Reached XP level 2. HP: 24/24 MP: 4/4
   800 | D:2      | Reached XP level 3. HP: 29/29 MP: 5/5
  1245 | D:2      | Reached skill level 1 in Shields
  1589 | D:3      | Noticed Robin
  1607 | D:3      | Reached skill level 1 in Armour
  1800 | D:3      | Killed Robin
  1801 | D:3      | Reached XP level 4. HP: 27/36 MP: 6/6
  1989 | D:3      | Noticed Grinder
  2004 | D:3      | Paralysed by Grinder for 4 turns
  2007 | D:3      | Slain by Grinder

Illustrated notes

Levels and vault maps discovered:
D:1:      dpeg_arrival_erosion, layout_basic, shapermc_ecumenical_altar_venn
D:2:      layout_basic
D:3:      layout_basic, serial_shops, shop, uniq_grinder, uniq_sigmund,
          uniq_robin
D:4:      layout_loops_ring, mainiacjoe_overflow_small_starburst, uniq_natasha

Skill      XL: |  1  2  3 |
---------------+----------+-----
Fighting       | 2 |  2.3
Long Blades    | 3 |  3.5
Dodging        | 3 |  3.1
Shields        | 1 |  1.1
Armour         | 1 |  1.1
Throwing       | |  1.7

Action                   |  1- 3 |  4- 6 || total
-------------------------+-------+-------++-------
Melee: Long sword        |   125 |     9 ||   134
       Punch             |     1 |       ||     1
Throw: Throwing net      |     1 |     2 ||     3
       Javelin           |       |     1 ||     1
  Use: Scroll            |     5 |       ||     5
 Stab: Sleeping          |     4 |       ||     4
Armor: Leather armour    |    43 |     2 ||    45
Dodge: Dodged            |   105 |     7 ||   112

Table legend: (Time is in decaauts)
 A = Elapsed time spent in this place.
 B = Non-inter-level travel time spent in this place.
 C = Inter-level travel time spent in this place.
 D = Time resting spent in this place.
 E = Time spent auto-exploring this place.
 F = Levels seen in this place.
 G = Mean time per level.
                   A        B        C        D        E       F      G
               +--------+--------+--------+--------+--------+-----+--------+
         Total |   2040 |   1991 |     49 |      0 |   1575 |   4 |  510.0 |
       Dungeon |   2040 |   1991 |     49 |      0 |   1575 |   4 |  510.0 |
               +--------+--------+--------+--------+--------+-----+--------+

Top non-repeatable levels by time:
     D:2: 820 daAuts
     D:1: 660 daAuts
     D:3: 416 daAuts
     D:4: 143 daAuts
